 Dungeon Crawl Stone Soup version 0.31.0-1-g2c135a008e (webtiles) character file.

Game seed: 14244265666886961782

140 qw the Shooter (level 5, -4/40 HPs)
             Began as a Djinni Hunter on Jan 23, 2024.
             Killed by nerve-wracking pain
             ... invoked by an orc priest
              (10 damage)
             ... on level 3 of the Dungeon.
             The game lasted 00:00:06 (1891 turns).

qw the Shooter (Djinni Hunter)                      Turns: 1891, Time: 00:00:07

Health: -4/40      AC:  4    Str: 10    XL:     5   Next: 47%
Gold:   64         EV: 13    Int: 11    God:
                   SH:  0    Dex: 18

rFire   + + .        a - +1 shortbow (drain)
rCold   x . .        (shield currently unavailable)
rNeg    . . .        c - +0 leather armour
rPois   inf          g - +0 helmet
rElec   .            (no cloak)
rCorr   .            (no gloves)
SInv    .            (boots unavailable)
Will    .....        (no amulet)
Stlth   ++           (no ring)
HPRegen 0.26/turn    (no ring)
MPRegen 0.00/turn

%: infuse magic (-5 HP)
@: flying
A: sickness immunity, fire resistance 2, cold vulnerability 1, float, innate
caster, HP casting, extra vitality 1
a: no special abilities


You were on level 3 of the Dungeon.
You visited 1 branch of the dungeon, and saw 3 of its levels.

You collected 64 gold pieces.


Innate Abilities, Weirdness & Mutations

You are immune to sickness and miasma.
You are immune to poison.
Your flesh is very heat resistant. (rF++)
You are vulnerable to cold. (rC-)
You float through the air rather than walking.
You learn spells naturally, not from books.
Your magical power is your life essence.
You have superior vitality. (+4 MHP)


   Skills:
 - Level 3.0 Fighting
 + Level 4.4 Ranged Weapons
 - Level 3.3 Dodging
 - Level 0.7 Stealth


You knew the following spells:

 Your Spells              Type           Power      Damage    Failure   Level
a - Magic Dart            Conj           0%         1d3       43%         1
b - Jinxbite              Hex            0%         N/A       58%         2
Your spell library was empty.

Inventory:

Hand Weapons
 a - a +1 shortbow of draining (weapon)
Armour
 c - a +0 leather armour (worn)
 g - a +0 helmet (worn)
Wands
 j - a wand of acid (6)
 m - a wand of mindburst (18)
Scrolls
 b - a scroll of identify
Potions
 d - 3 potions of curing
 h - a potion of brilliance {unknown}
 n - a potion of cancellation {unknown}
 o - a potion of attraction {unknown}

Dungeon Overview and Level Annotations

Branches:
Dungeon (3/15)

Altars:

Shops:
D:2 (


Message History

You shoot an arrow. The arrow hits the gnoll.
The gnoll is moderately wounded.
You hear a shout!
The gnoll throws a throwing net.
The throwing net hits you.
You become entangled in the net!
You hear a shout! x2
You struggle against the net.
The gnoll barely misses you.
You struggle against the net.
You hear the slow rusting of a drain very nearby.
The gnoll barely misses you.
You struggle against the net.
The gnoll hits you from afar with a +0 spear.
You struggle against the net.
The gnoll hits you from afar with a +0 spear.
You rip the net and break free!
The gnoll misses you.
You shoot an arrow. The arrow hits the gnoll.
You drain the gnoll.
The gnoll is almost dead.
The gnoll throws a throwing net.
The throwing net closely misses you.
You shoot an arrow. The arrow hits the gnoll.
You kill the gnoll!
1885 ||| FLEEEEING.
An orc comes into view. It is wielding a +0 whip.
You see here a throwing net.
1886 ||| FLEEEEING.
1887 ||| FLEEEEING.
1888 ||| FLEEEEING.
You shoot an arrow. The arrow hits the gnoll.
You drain the gnoll.
The gnoll is moderately wounded.
An orc comes into view. It is wielding a +0 club.
The gnoll hits you with a +0 club.
The orc moves out of view.
You shoot an arrow. The arrow hits the gnoll.
The gnoll is severely wounded.
The gnoll hits you with a +0 club.
You shoot an arrow. The arrow hits the gnoll.
You drain the gnoll.
You kill the gnoll!
The orc priest invokes the aid of Beogh against you.
Pain shoots through your body!
You die...

g.. .g .# ####o# #))).#
####### #o####..
......... ##.# .# .......
#..###).## .# .......
#...@o..# .# ..<....
####..#.###.# #...##
##..##...#.# ##.
#.<###..#####.#.# ...
##...#.# #...# ....
###...# ##..#....>
########..#######..#.....
....................#####
.#######...######.%......


You could see an orc priest and an orc.

Vanquished Creatures
  A bombardier beetle (D:3)
  4 adders
  3 gnolls (D:3)
  A ribbon worm (D:2)
  A dart slug (D:1)
  3 orcs (D:3)
  An endoplasm (D:2)
  4 goblins
  4 hobgoblins
  2 quokkas (D:1)
  6 ball pythons
  2 bats
  3 frilled lizards
  5 kobolds
  10 rats
50 creatures vanquished.

Notes
Turn   | Place    | Note
-------+----------+-------------------------------------------
     0 | D:1      | qw the Djinni Hunter began the quest for the Orb.
     0 | D:1      | Reached XP level 1. HP: 18/18 MP: 0/0
     0 | D:1      | 0 ||| qw: Version: 0.3-a-136-gdd3b4e8
     0 | D:1      | 0 ||| qw: Game counter: 1183
     0 | D:1      | 0 ||| qw: Melee chars always use a shield: true
     0 | D:1      | 0 ||| qw: God list: Okawaru
     0 | D:1      | 0 ||| qw: Allow faded altars: false
     0 | D:1      | 0 ||| qw: Do Orc after clearing Dungeon:15 true
     0 | D:1      | 0 ||| qw: Do second Lair branch before Depths: true
     0 | D:1      | 0 ||| qw: Lair rune preference: random
     0 | D:1      | 0 ||| qw: Goals: Normal
     0 | D:1      | 0 ||| PLANNING D:1-11
   278 | D:1      | Reached XP level 2. HP: 23/23 MP: 0/0
   967 | D:1      | Found a faded altar of an unknown god.
  1004 | D:1      | 1004 ||| UPGRADING to +0 helmet.
  1009 | D:1      | 1009 ||| READING scroll labelled GUFUVU LIPIJUM.
  1010 | D:1      | 1010 ||| DRINKING 2 fizzy yellow potions.
  1011 | D:1      | 1011 ||| DROPPING scroll of butterflies.
  1025 | D:2      | Reached skill level 4 in Ranged Weapons
  1025 | D:2      | Reached XP level 3. HP: 27/28 MP: 0/0
  1025 | D:2      | Learned a level 1 spell: Magic Dart
  1154 | D:2      | Found Jin Kigu's Weapon Emporium.
  1164 | D:2      | 1164 ||| SHOPLISTING +3 sling of flaming (275 gold, have
                  | 11).
  1381 | D:2      | Reached XP level 4. HP: 34/34 MP: 0/0
  1420 | D:2      | Reached skill level 3 in Fighting
  1764 | D:2      | 1764 ||| READING scroll labelled BUGIACK WAUQ.
  1769 | D:2      | 1769 ||| READING scroll labelled ONOYJI KANUME.
  1770 | D:2      | 1770 ||| READING scroll labelled QENNONNODY.
  1770 | D:2      | 1770 ||| BRANDING +0 shortbow.
  1771 | D:2      | 1771 ||| READING scroll labelled XAUCIDGHIOTO.
  1771 | D:2      | 1771 ||| IDENTIFYING dark potion
  1772 | D:2      | 1772 ||| READING scroll labelled LIHACW GOXT.
  1772 | D:2      | 1772 ||| ENCHANTING +0 shortbow of draining.
  1773 | D:2      | 1773 ||| DROPPING potion of degeneration.
  1786 | D:3      | 1786 ||| PLANNING SEWER
  1803 | D:3      | Reached skill level 3 in Dodging
  1803 | D:3      | Reached XP level 5. HP: 40/40 MP: 0/0
  1803 | D:3      | Learned a level 2 spell: Jinxbite
  1869 | D:3      | 1869 ||| RETREEEEATING.
  1881 | D:3      | HP: 9/40 [gnoll/+0 spear (5)]
  1885 | D:3      | 1885 ||| FLEEEEING.
  1886 | D:3      | 1886 ||| FLEEEEING.
  1887 | D:3      | 1887 ||| FLEEEEING.
  1888 | D:3      | 1888 ||| FLEEEEING.
  1889 | D:3      | HP: 10/40 [gnoll/+0 club (1)]
  1891 | D:3      | Killed from afar by an orc priest

Levels and vault maps discovered:
D:1:      lightli_arrival_chessboard, layout_basic,
          shapermc_ecumenical_altar_hornbeckon
D:2:      kennysheep_big_flooded_room, layout_basic, serial_shops,
          nicolae_shop_statue_plus, minmay_misc_feat_cross,
          minmay_rat_gold_closets
D:3:      layout_rooms, portal_sewer_entry_a, uniq_grinder

Skill      XL: |  1  2  3  4 |
---------------+-------------+-----
Ranged Weapons | 4 |  4.4
Fighting       | 3 |  3.0
Dodging        | 3 |  3.3
Stealth        | |  0.7

Action                     |  1- 3 |  4- 6 || total
---------------------------+-------+-------++-------
   Fire: Shortbow          |    90 |    68 ||   158
    Use: Scroll            |     1 |     5 ||     6
         Potion            |     1 |       ||     1
 Armour: Leather armour    |    20 |    34 ||    54
  Dodge: Dodged            |    13 |    32 ||    45

Table legend:
 A = Non-vault XP
 B = Vault XP
 C = Vault XP percentage of total XP
 D = Non-vault monster count
 E = Vault monster count
 F = Vault count percentage of total count
                 A         B        C        D         E       F
            +---------+---------+-------+---------+---------+-------
      Total |     192 |      23 |  10.7 |      41 |       9 |  18.0
            +---------+---------+-------+---------+---------+-------
        D:1 |      25 |       0 |   0.0 |      16 |       0 |   0.0
        D:2 |      54 |      23 |  29.9 |      16 |       9 |  36.0
        D:3 |     113 |       0 |   0.0 |       9 |       0 |   0.0
            +---------+---------+-------+---------+---------+-------
